 Dungeon Crawl Stone Soup version 0.32-a0-975-g85d4e5bfdb (webtiles) character file.

Game seed: 8451010290059562711

2163 Dittersdorf the Trooper (level 9, 0/57 HPs)
             Began as a Gargoyle Fighter on Apr 18, 2024.
             Slain by a killer bee (4 damage)
             ... on level 6 of the Dungeon.
             The game lasted 00:07:40 (6459 turns).

Dittersdorf the Trooper (Gargoyle Fighter)          Turns: 6459, Time: 00:07:41

Health: 0/57       AC: 24    Str: 24    XL:     9   Next: 32%
Magic:  0/9        EV:  7    Int: 15    God:
Gold:   218        SH:  6    Dex: 15    Spells: 8/8 levels left

rFire   . . .        a - +0 flail
rCold   . . .        c - +0 buckler
rNeg    + . .        o - +0 chain mail
rPois   ∞            f - +1 helmet
rElec   +            y - +1 cloak
rCorr   .            u - +1 pair of gloves
SInv    .            (no boots)
Will    .....        e - amulet of guardian spirit Stlth
                     m - +6 ring of intelligence
HPRegen 0.29/turn    w - +6 ring of dexterity
MPRegen 0.11/turn

%: guardian spirit
@: no status effects
A: sickness immunity, AC +6, negative energy resistance 1, electricity
resistance, torment resistance 1, petrification resistance
a: no special abilities


You were on level 6 of the Dungeon.
You visited 2 branches of the dungeon, and saw 8 of its levels.
You also visited: Sewer.

You collected 218 gold pieces.

Inventory:

Hand Weapons
 a - a +0 flail (weapon)
Missiles
 b - a throwing net
 h - 2 curare-tipped darts
Armour
 c - a +0 buckler (worn)
 f - a +1 helmet (worn)
 o - a +0 chain mail (worn)
 u - a +1 pair of gloves (worn)
 y - a +1 cloak (worn)
Jewellery
 e - an amulet of guardian spirit (around neck)
 m - a +6 ring of intelligence (left hand)
 w - a +6 ring of dexterity (right hand)
Wands
 r - a wand of light (11) (quivered)
 t - a wand of flame (28)
Scrolls
 g - a scroll of teleportation
 s - a scroll of fear
 x - a scroll of identify
Potions
 d - 2 potions of might
 i - 3 potions of enlightenment
 j - a potion of mutation {unknown}
 k - a potion of curing {unknown}
 l - a potion of resistance
 n - a potion of cancellation {unknown}
 p - a potion of ambrosia {unknown}
 q - a potion of brilliance
 v - 3 potions of magic


   Skills:
 + Level 7.4 Fighting
 + Level 6.3 Maces & Flails
 + Level 7.4 Armour
 + Level 7.3 Shields


You had 8 spell levels left.
You didn't know any spells.
Your spell library contained the following spells:

 Spells                   Type           Power      Damage    Failure   Level
 Apportation              Tloc           0%         N/A       83%         1
 Magic Dart               Conj           0%         1d3       83%         1
 Necrotise                Necr           0%         1d4       83%         1
 Sandblast                Erth           0%         2d4       83%         1
 Sting                    Conj/Alch      0%         1d3       83%         1
 Summon Small Mammal      Summ           0%         N/A       83%         1
 Ensorcelled Hibernation  Hex/Ice        0%         N/A       92%         2
 Searing Ray              Conj           0%         2d4       92%         2
 Passwall                 Erth           0%         N/A       99%         3
 Stone Arrow              Conj/Erth      0%         3d7       99%         3
 Swiftness                Air            0%         N/A       99%         3
 Fulminant Prism          Conj/Alch      0%         3d5       100%        4


Dungeon Overview and Level Annotations

Branches:
Dungeon (7/15)             Temple (1/1) D:5           Sewer (visited)

Altars:
Ashenzari
Cheibriados
Elyvilon
Fedhas
Hepliaklqana
Kikubaaqudgha
Nemelex Xobeh
Okawaru
Qazlal
Ru
Sif Muna
Trog
Uskayaw
Vehumet
Wu Jian
Yredelemnul
Zin

Annotations:
D:3 2 transporters, Doorstop00's ghost, amateur GrFi
Temple 4 transporters


Innate Abilities, Weirdness & Mutations

You are immune to sickness and miasma.
Your stone body is resilient. (AC +6)
You are immune to poison.
You resist negative energy. (rN+)
You are resistant to electric shocks. (rElec)
You are resistant to unholy torment.
You are immune to petrification.


Message History

The killer bee stings you.
* * * LOW HITPOINT WARNING * * *
The killer bee barely misses you.
The killer bee attacks as it pursues you!
The killer bee closely misses you.
The killer bee stings you but does no damage.
You block the killer bee's attack.
The killer bee attacks as it pursues you!
The killer bee stings you but does no damage.
The killer bee barely misses you. x2
The killer bee attacks as it pursues you!
You block the killer bee's attack. The killer bee stings you.
* * * LOW HITPOINT WARNING * * *
The killer bee stings you but does no damage.
The killer bee attacks as it pursues you!
The killer bee closely misses you.
The killer bee attacks as it pursues you!
You block the killer bee's attack.
The killer bee attacks as it pursues you!
You block the killer bee's attack.
The killer bee stings you but does no damage.
You block the killer bee's attack.
The killer bee attacks as it pursues you!
The killer bee stings you.
* * * LOW HITPOINT WARNING * * *
The killer bee stings you but does no damage.
The killer bee closely misses you.
The killer bee stings you but does no damage.
The killer bee attacks as it pursues you!
You block the killer bee's attack.
The killer bee stings you but does no damage. x2
The killer bee attacks as it pursues you!
You block the killer bee's attack. x2; The killer bee barely misses you.
You block the killer bee's attack.
The killer bee stings you but does no damage. x2
The killer bee attacks as it pursues you!
The killer bee stings you but does no damage.
The killer bee closely misses you. The killer bee barely misses you.
The killer bee stings you. x2
You die...

##..##
##....####
##..#
##........### #
#..##
##...##.......
# ##..##
##...#######...
# ##..##
##...## ####
##..# ####...##
##
#..###.....##
##.
##..###yy.##
##.. ##..##@y.#
##... ##.....##
##.... #....##
##..... ##..##
##...... #..#
#....... #..#
##....... ##.#
##........ #.#
#......... #.#
#.........


You could see 3 killer bees.

Vanquished Creatures
  A wyvern (D:7)
  Menkaure (D:4)
  A water moccasin (D:5)
  Duvessa (D:4)
  2 ogres
  A phantom (D:5)
  5 kobold brigands
  A bullfrog (D:4)
  A scorpion (D:4)
  Dowan (D:4)
  A howler monkey (D:6)
  2 hounds (D:5)
  Crazy Yiuf (D:4)
  An orc priest (D:6)
  2 jellies (D:7)
  5 iguanas
  3 sleepcaps
  5 orc wizards
  Ijyb (D:3)
  8 gnolls
  7 adders
  2 river rats
  A white imp (D:6)
  9 ribbon worms
  5 dart slugs
  26 orcs
  10 ball pythons
  5 bats
  12 endoplasms
  4 giant cockroaches
  12 goblins
  5 hobgoblins
  6 jackals (D:2)
  14 kobolds
  2 quokkas
  A frilled lizard (D:2)
  17 rats
182 creatures vanquished.

Notes
Turn   | Place    | Note
-------+----------+-------------------------------------------
     0 | D:1      | Dittersdorf the Gargoyle Fighter began the quest for the
                  | Orb.
     0 | D:1      | Reached XP level 1. HP: 14/14 MP: 1/1
   188 | D:1      | Reached XP level 2. HP: 19/19 MP: 2/2
   469 | D:1      | Reached XP level 3. HP: 23/23 MP: 3/3
   996 | D:2      | Reached XP level 4. HP: 12/29 MP: 2/4
  1267 | D:2      | Found a faded altar of an unknown god.
  1567 | D:3      | Noticed Doorstop00's ghost (amateur GrFi)
  1570 | D:3      | Found a transporter.
  1598 | D:3      | Reached XP level 5. HP: 23/33 MP: 5/5
  1641 | D:3      | Found a transporter.
  1705 | D:3      | Noticed Ijyb
  1715 | D:3      | HP: 1/33 [Ijyb/puff of flame (7)]
  1717 | D:3      | Killed Ijyb
  1959 | D:3      | You fall into a shaft and drop 2 floors!
  1959 | D:5      | Entered Level 5 of the Dungeon
  1970 | D:5      | Found a staircase to the Ecumenical Temple.
  1977 | Temple   | Found a transporter.
  1977 | Temple   | Found a transporter.
  1977 | Temple   | Found a transporter.
  1977 | Temple   | Found a transporter.
  1977 | Temple   | Entered the Ecumenical Temple
  2044 | D:5      | Reached XP level 6. HP: 32/39 MP: 4/6
  2246 | D:5      | Found a glowing drain.
  2250 | Sewer    | Entered a sewer
  2445 | Sewer    | Reached skill level 5 in Armour
  2461 | Sewer    | Reached skill level 5 in Fighting
  2461 | Sewer    | Reached skill level 5 in Shields
  2461 | Sewer    | Reached XP level 7. HP: 30/44 MP: 7/7
  3273 | D:4      | Noticed Dowan
  3274 | D:4      | Noticed Duvessa
  3281 | D:4      | Killed Duvessa
  3282 | D:4      | Killed Dowan
  3338 | D:4      | Reached XP level 8. HP: 44/51 MP: 8/8
  3847 | D:4      | Reached skill level 5 in Maces & Flails
  4167 | D:4      | Noticed Menkaure
  4177 | D:4      | Killed Menkaure
  4367 | D:4      | Found a runed translucent door.
  4368 | D:4      | Noticed Crazy Yiuf
  4393 | D:4      | Killed Crazy Yiuf
  5249 | D:6      | Reached XP level 9. HP: 56/56 MP: 9/9
  6459 | D:6      | Slain by a killer bee

Illustrated notes

Levels and vault maps discovered:
D:1:      dpeg_arrival_tiny_a, layout_basic
D:2:      layout_rooms, ebering_ecumenical_altar_rust, minmay_tetromino_l4
D:3:      layout_loops_ring, gammafunk_ghost_mausoleum, uniq_ijyb
D:4:      layout_cave_pools, eino_small_chamber_without_monster,
          minmay_crystal_room, st_stairs_14, uniq_duvessa, uniq_menkaure,
          uniq_crazy_yiuf_cottage
D:5:      layout_loops_ring, minmay_temple_entry_waves,
          lightli_sewer_entry_pipes
D:6:      layout_cave_pods
D:7:      layout_basic, grunt_temple_overflow_champion_of_chaos, uniq_pikel
Temple:   hellmonk_temple_divided_pantheon

Skill      XL: |  1  2  3  4  5  6  7  8  9 |
---------------+----------------------------+-----
Armour         | 4 5 6 7 |  7.4
Shields        | 4 5 6 7 |  7.3
Fighting       | 4 5 6 7 |  7.4
Maces & Flails | 3 4 5 6 |  6.3

Action                     |  1- 3 |  4- 6 |  7- 9 || total
---------------------------+-------+-------+-------++-------
  Melee: Flail             |   141 |   261 |   499 ||   901
  Throw: Dart              |       |       |     1 ||     1
  Evoke: Wand              |       |       |     2 ||     2
    Use: Scroll            |       |     6 |     8 ||    14
   Stab: Invisible         |       |       |     2 ||     2
 Armour: Scale mail        |   115 |       |       ||   115
         Chain mail        |    15 |   319 |   581 ||   915
  Dodge: Dodged            |    81 |   128 |   176 ||   385
  Block: Buckler           |    40 |    82 |   161 ||   283

Table legend: (Time is in decaauts)
 A = Elapsed time spent in this place.
 B = Non-inter-level travel time spent in this place.
 C = Inter-level travel time spent in this place.
 D = Time resting spent in this place.
 E = Time spent auto-exploring this place.
 F = Levels seen in this place.
 G = Mean time per level.
                   A        B        C        D        E       F      G
               +--------+--------+--------+--------+--------+-----+--------+
         Total |   6847 |   6583 |    264 |    798 |   3727 |   9 |  760.8 |
       Dungeon |   5746 |   5482 |    264 |    745 |   3110 |   7 |  820.9 |
        Temple |     13 |     13 |      0 |      0 |      0 |   1 |   13.0 |
         Sewer |   1086 |   1086 |      0 |     53 |    616 |   1 | 1086.0 |
               +--------+--------+--------+--------+--------+-----+--------+

Top non-repeatable levels by time:
     D:5: 1129 daAuts
   Sewer: 1086 daAuts
     D:6: 955 daAuts
     D:3: 911 daAuts
     D:1: 823 daAuts
     D:2: 788 daAuts
     D:4: 772 daAuts
     D:7: 366 daAuts
  Temple: 13 daAuts
